 Dungeon Sprint DCSS version 0.31-a0-1-g4198be8af4 (webtiles) character file.

Game seed: 10882877102560811102

698 Darkkill the Fighter (level 7, -10/51 HPs)
             Began as a Gargoyle Berserker on May 2, 2023.
             Was a Priest of Trog.
             Mangled by a deep troll (19 damage)
             ... in the Dungeon (Sprint I: "Red Sonja").
             The game lasted 00:02:31 (497 turns).

Darkkill the Fighter (Gargoyle Berserker)            Turns: 497, Time: 00:02:32

Health: -10/51     AC: 16    Str: 23    XL:     7   Next: 65%
Magic:  7/7        EV: 13    Int:  7    God:    Trog [***...]
Gold:   363        SH:  0    Dex:  9    Spells: 6/6 levels left

rFire   . . .        b - +1 great mace (protect)
rCold   . . .        (shield currently unavailable)
rNeg    + . .        j - +0 leather armour
rPois   ∞            (no helmet)
rElec   +            (no cloak)
rCorr   .            (no gloves)
SInv    .            (no boots)
Will    ++...        (no amulet)
Stlth   +            (no ring)
HPRegen 1.28/turn    (no ring)
MPRegen 0.10/turn

%: no teleportation
@: strong-willed, under a protective aura, regenerating
A: sickness immunity, AC +4, negative energy resistance 1, electricity
resistance, torment resistance 1, petrification resistance
a: Renounce Religion, Berserk, Trog's Hand


You were in the Dungeon.
You worshipped Trog.
Trog was most pleased with you.
You visited 1 branch You collected 525 gold pieces.
You spent 162 gold pieces at shops.

Inventory:

Hand Weapons
 b - a +1 great mace of protection (weapon)
Armour
 j - a +0 leather armour (worn)
Potions
 a - a potion of mutation
 e - a potion of haste
 f - 2 potions of magic


   Skills:
 + Level 9.5 Fighting
 + Level 8.7 Maces & Flails
 + Level 9.2 Armour
 + Level 7.0 Dodging


You had 6 spell levels left.
You didn't know any spells.
Your spell library was empty.

Dungeon Overview and Level Annotations

Branches:
Dungeon (1/1)

Altars:
Cheibriados
Dithmenos
Elyvilon
Fedhas
Gozag
Hepliaklqana
Kikubaaqudgha
Makhleb
Nemelex Xobeh
Okawaru
Qazlal
Ru
Sif Muna
Trog
Uskayaw
Vehumet
Wu Jian
Xom
Yredelemnul
Zin
The Shining One
Jiyva
Lugonu

Shops:
D *


Innate Abilities, Weirdness & Mutations

You are immune to sickness and miasma.
Your stone body is resilient. (AC +4)
You are immune to poison.
You resist negative energy. (rN+)
You are resistant to electric shocks. (rElec)
You are resistant to unholy torment.
You are immune to petrification.


Message History

You open the door.
Found 108 gold pieces.
There is an open door here.
You now have 174 gold pieces (gained 27).
You now have 201 gold pieces (gained 27).
You now have 228 gold pieces (gained 27).
You now have 255 gold pieces (gained 27).
There is an open door here.
There is an open door here.
There is an open door here.
You see here a +0 plate armour.
There is a shimmering blue altar of Sif Muna here.
As you open the door, it creaks loudly!
Sonja, the Graceful Assassin comes into view.
She is wielding a +2 dagger of distortion and quivering curare-tipped darts.
Sonja shouts!
Found 108 gold pieces.
There is a radiant altar of Vehumet here.
You hit Sonja but do no damage.
Your weapon exudes an aura of protection.
Sonja hits you but does no damage. Space warps around you.
Sonja hits you but does no damage. Sonja closely misses you.
Sonja mumbles some strange words.
Sonja blinks!
Aiming: Polymorph
Press: ? - help, Q - select action, (/) - cycle Shift-Dir - straight line, f - Sonja
Aim: Sonja, wielding a +2 dagger of distortion and quivering curare-tipped darts (will become an acid dragon, a human, or a hog, chance to affect: 57%) Sonja resists with significant effort.
Sonja throws a curare-tipped dart.
The curare-tipped dart hits you.
Aiming: Polymorph
Press: ? - help, Q - select action, (/) - cycle Shift-Dir - straight line, f/p - Sonja
Aim: Sonja, wielding a +2 dagger of distortion and quivering curare-tipped darts (will become an acid dragon, a human, or a hog, chance to affect: 57%) Sonja evaporates and reforms as an acid dragon!
Aiming: Polymorph
Press: ? - help, Q - select action, (/) - cycle Shift-Dir - straight line, f/p - Sonja
Aim: Sonja the acid dragon (will become a wyvern, a golden eye, or a sky beast, chance to affect: 49%) Sonja resists with some effort.
Sonja spits acid at you. The splash of acid hits you!! The acid corrodes you!
Aiming: Polymorph
Press: ? - help, Q - select action, (/) - cycle Shift-Dir - straight line, f/p - Sonja
Aim: Sonja the acid dragon (catching its breath, will become a wyvern, a golden eye, or a sky beast, chance to affect: 49%) Sonja resists with some effort.
The now-empty wand crumbles to dust.
You feel better.
You barely miss Sonja. Sonja bites you! Sonja barely misses you.
You bludgeon Sonja!!
Your weapon exudes an aura of protection.
Sonja is severely wounded.
Sonja closely misses you. x2
You closely miss Sonja.
Sonja is severely wounded.
Sonja misses you. Sonja claws you but does no damage.
You hit Sonja.
Sonja is almost dead.
Sonja bites you but does no damage. Sonja misses you. Sonja barely misses you.
Sonja claws you but does no damage.
You hit Sonja.
You kill Sonja!
Trog accepts your kill.
Sonja returns to her original shape as she dies.
Your Armour skill increases to level 9!
Your Dodging skill increases to level 7!
You see here the kobold corpse of Sonja.
You start resting.
You are no longer corroded.
You start resting.
HP restored.
There is an open door here.
You now have 282 gold pieces (gained 27).
You now have 309 gold pieces (gained 27).
You now have 336 gold pieces (gained 27).
You now have 363 gold pieces (gained 27).
You open the door.
A deep troll comes into view.
The deep troll shouts!
Found 108 gold pieces.
There is an open door here.
You barely miss the deep troll. The deep troll bites you!
The deep troll claws you but does no damage.
The deep troll claws you.
You sock the deep troll!
Your weapon exudes an aura of protection.
The deep troll is moderately wounded.
The deep troll bites you!! The deep troll claws you!
* * * LOW HITPOINT WARNING * * *
The deep troll claws you but does no damage.
The deep troll bites you but does no damage.
The deep troll claws you.
* * * LOW HITPOINT WARNING * * *
The deep troll closely misses you.
Blink to where?
Press: ? - help, Q - select action, (/) - cycle Dir - move target
As you read the scroll of blinking, it crumbles to dust.
Your skin crawls.
You feel strong-willed.
There is an open door here.
You bludgeon the deep troll!!
Your weapon exudes an aura of protection.
The deep troll is heavily wounded.
The deep troll bites you!!
You die...

######################
#<.#..)..#..'..#__#..+
#..[..#..)..#..'..'..#
#..#####'#####'#__####
#..####..#...#)####
#..#__####..##.#
#..#_____##'#_.+
#⌠⌠#_.∩...÷.†._#
####_..__##_@#'#
#_____###T#.#
#########.####+###
+...§$$.$$+
#...####### ##.## #+#


You could see a deep troll.

Vanquished Creatures
  A slime creature (D)
  Sigmund (D)
  A yak (D)
  An acid dragon (D)
  An ogre (D)
  A jelly (D)
  Ijyb (D)
7 creatures vanquished.

Notes
Turn   | Place    | Note
-------+----------+-------------------------------------------
     0 | D        | Darkkill the Gargoyle Berserker began the quest for the
                  | Orb.
     0 | D        | Reached XP level 1. HP: 14/14 MP: 1/1
     2 | D        | Noticed Ijyb
     9 | D        | Killed Ijyb
    10 | D        | Reached XP level 2. HP: 17/20 MP: 2/2
    10 | D        | Reached XP level 3. HP: 20/24 MP: 3/3
    62 | D        | Noticed an ogre
    66 | D        | Killed an ogre
    67 | D        | Reached skill level 5 in Maces & Flails
    67 | D        | Reached skill level 5 in Armour
    67 | D        | Reached XP level 4. HP: 32/32 MP: 4/4
    71 | D        | Noticed Sigmund
    79 | D        | Killed Sigmund
    79 | D        | Reached ** piety under Trog
    80 | D        | Reached skill level 5 in Dodging
    80 | D        | Reached XP level 5. HP: 24/38 MP: 5/5
    80 | D        | Reached XP level 6. HP: 28/44 MP: 6/6
   147 | D        | Found an ornate altar of the Wu Jian Council.
   147 | D        | Found a shimmering blue altar of Sif Muna.
   149 | D        | Found a radiant altar of Vehumet.
   236 | D        | Found Vajoug's General Store.
   236 | D        | Found an ancient bone altar of Kikubaaqudgha.
   236 | D        | Found a hazy altar of Hepliaklqana.
   236 | D        | Found a stormy altar of Qazlal.
   236 | D        | Found a hide-covered altar of Uskayaw.
   236 | D        | Found a blossoming altar of Fedhas.
   236 | D        | Found a bloodstained altar of Trog.
   236 | D        | Found an iron altar of Okawaru.
   236 | D        | Found a basalt altar of Yredelemnul.
   236 | D        | Found a glowing golden altar of the Shining One.
   236 | D        | Found a snail-covered altar of Cheibriados.
   236 | D        | Found a sacrificial altar of Ru.
   236 | D        | Found a glowing silver altar of Zin.
   236 | D        | Found a shadowy altar of Dithmenos.
   236 | D        | Found a white marble altar of Elyvilon.
   236 | D        | Noticed a yak
   246 | D        | Killed a yak
   247 | D        | Found an opulent altar of Gozag.
   248 | D        | Found a sparkling altar of Nemelex Xobeh.
   254 | D        | Bought a +1 great mace of protection for 162 gold pieces
   322 | D        | Found a burning altar of Makhleb.
   322 | D        | Found a viscous altar of Jiyva.
   322 | D        | Found a shimmering altar of Xom.
   322 | D        | Found a corrupted altar of Lugonu.
   322 | D        | Noticed a slime creature
   327 | D        | Killed a slime creature
   327 | D        | Reached *** piety under Trog
   328 | D        | Reached XP level 7. HP: 44/51 MP: 7/7
   379 | D        | Noticed Sonja
   383 | D        | Sonja changed into Sonja the acid dragon
   383 | D        | Noticed Sonja
   391 | D        | Killed Sonja the acid dragon
   489 | D        | Noticed a deep troll
   492 | D        | HP: 6/51 [deep troll (13)]
   497 | D        | Mangled by a deep troll

Illustrated notes

Levels and vault maps discovered:
D:        dungeon_sprint_1 [red_sonja_temple_1, red_sonja_temple_small_1]

Skill      XL: |  1  2  3  4  5  6  7 |
---------------+----------------------+-----
Fighting       | 4 6 7 9 |  9.5
Maces & Flails | 4 5 6 8 |  8.7
Armour         | 3 5 7 8 9 |  9.2
Dodging        | 2 4 5 6 7 |  7.0

Action                     |  1- 3 |  4- 6 |  7- 9 || total
---------------------------+-------+-------+-------++-------
  Melee: Mace              |     3 |       |       ||     3
         Unarmed           |     3 |       |       ||     3
         Club              |     3 |    20 |       ||    23
         Punch             |       |     2 |       ||     2
         Great mace        |       |     3 |     9 ||    12
 Invoke: Berserk           |     1 |       |       ||     1
         Trog's Hand       |       |       |     1 ||     1
  Evoke: Wand              |       |       |     4 ||     4
    Use: Potion            |     1 |     1 |     1 ||     3
         Scroll            |       |     1 |     1 ||     2
 Armour: Animal skin       |     1 |       |       ||     1
         Skin              |     1 |       |       ||     1
         Leather armour    |       |     7 |     8 ||    15
  Dodge: Dodged            |       |     9 |     8 ||    17

Table legend: (Time is in decaauts)
 A = Elapsed time spent in this place.
 B = Non-inter-level travel time spent in this place.
 C = Inter-level travel time spent in this place.
 D = Time resting spent in this place.
 E = Time spent auto-exploring this place.
 F = Levels seen in this place.
 G = Mean time per level.
                   A        B        C        D        E       F      G
               +--------+--------+--------+--------+--------+-----+--------+
         Total |    515 |    515 |      0 |    297 |      0 |   1 |  515.0 |
       Dungeon |    515 |    515 |      0 |    297 |      0 |   1 |  515.0 |
               +--------+--------+--------+--------+--------+-----+--------+

Top non-repeatable levels by time:
       D: 515 daAuts

Levels and vault maps discovered:
D:        dungeon_sprint_1 [red_sonja_temple_1, red_sonja_temple_small_1]

Table legend: (Time is in decaauts)
 A = Elapsed time spent in this place.
 B = Non-inter-level travel time spent in this place.
 C = Inter-level travel time spent in this place.
 D = Time resting spent in this place.
 E = Time spent auto-exploring this place.
 F = Levels seen in this place.
 G = Mean time per level.
                   A        B        C        D        E       F      G
               +--------+--------+--------+--------+--------+-----+--------+
         Total |    515 |    515 |      0 |    297 |      0 |   1 |  515.0 |
       Dungeon |    515 |    515 |      0 |    297 |      0 |   1 |  515.0 |
               +--------+--------+--------+--------+--------+-----+--------+

Top non-repeatable levels by time:
       D: 515 daAuts

Table legend:
 A = Kills in this place as a percentage of kills in the entire game.
 B = Kills by you in this place as a percentage of kills by you in the entire game.
 C = Kills by friends in this place as a percentage of kills by friends in the entire game.
 D = Other kills in this place as a percentage of other kills in the entire game.
 E = Experience gained in this place as a percentage of experience gained in the entire game.
 F = Experience gained in this place divided by the number of levels of this place that you have seen.
                   A       B       C       D       E      F
               +-------+-------+-------+-------+-------+----------------------
         Total | 100.0 | 100.0 |   N/A |   N/A | 100.0 | 998.0
       Dungeon | 100.0 | 100.0 |   N/A |   N/A | 100.0 | 998.0
               +-------+-------+-------+-------+-------+----------------------
